 Dungeon Crawl Stone Soup version 0.25-a0-108-gda8bd6cf83 (webtiles) character file.

Game seed: 11968825843520051376, levelgen mode: deterministic

51615 Geomchi the Nimble (level 14, -21/85 (86) HPs)
             Began as a Deep Elf Fire Elementalist on Nov 17, 2019.
             Was a High Priest of Vehumet.
             Demolished by an azure jelly (51 damage)
             ... on level 6 of the Lair of Beasts.
             The game lasted 00:41:58 (24780 turns).

Geomchi the Nimble (Deep Elf Fire Elementalist)    Turns: 24780, Time: 00:41:58

HP:   -21/85 (86)   AC: 12    Str:  5    XL:     14   Next: 24%
MP:   22/31         EV: 22    Int: 26    God:    Vehumet [*****.]
Gold: 882           SH:  5    Dex: 15    Spells: 10/35 levels left

rFire    . . .     SeeInvis .   g - staff of conjuration
rCold    . . .     Gourm    .   x - +0 buckler
rNeg     . . .     Faith    .   L - +0 steam dragon scales
rPois    .         Spirit   .   O - +2 helmet
rElec    .         Reflect  .   (no cloak)
rCorr    .         Harm     +   u - +0 pair of gloves
MR       +....                  (no boots)
Stlth    ++++......             A - amulet of harm
HPRegen  0.24/turn              F - ring of stealth
MPRegen  0.22/turn              y - +3 ring of protection

@: no status effects
A: no striking features
a: Renounce Religion


You were on level 6 of the Lair of Beasts.
You worshipped Vehumet.
Vehumet was extremely pleased with you.
You were hungry.

You visited 3 branches of the dungeon, and saw 18 of its levels.

You collected 1194 gold pieces.
You spent 312 gold pieces at shops.

Inventory:

Hand Weapons
 d - a +0 short sword
 j - a +2 short sword of speed
Armour
 u - a +0 pair of gloves (worn)
 x - a +0 buckler (worn)
 z - a +0 robe of magic resistance
 L - +0 steam dragon scales (worn)
 O - a +2 helmet (worn)
Magical Staves
 g - an uncursed staff of conjuration (weapon)
Jewellery
 k - a cursed ring of teleportation {unknown}
 t - an uncursed ring of resist corrosion
 y - a +3 ring of protection (right hand)
 A - an amulet of harm (around neck)
 D - an uncursed amulet of the acrobat {unknown}
 E - an uncursed ring of see invisible
 F - a ring of stealth (left hand)
 Q - a +3 ring of intelligence
Wands
 p - a wand of flame (9)
 q - a wand of clouds (3)
 w - a wand of polymorph (7)
Scrolls
 a - a scroll of fog
 b - a scroll of amnesia
 e - 4 scrolls of identify
 f - 5 scrolls of enchant weapon
 h - a scroll of brand weapon
 i - 4 scrolls of immolation
 l - 4 scrolls of blinking
 r - 5 scrolls of remove curse
 B - 3 scrolls of teleportation
 C - 3 scrolls of magic mapping
 K - 3 scrolls of fear
 M - 2 scrolls of enchant armour
 P - a scroll of holy word
 T - a scroll of vulnerability
Potions
 m - 2 potions of lignification
 n - 8 potions of haste
 o - 3 potions of invisibility
 s - 13 potions of curing
 v - 3 potions of agility
 G - a potion of flight
 I - 2 potions of might
 J - a potion of mutation
 N - a potion of magic
Comestibles
 c - 31 rations


   Skills:
 + Level 9.6 Fighting
 + Level 13.6 Dodging
 - Level 4.7 Stealth
 - Level 4.0 Shields
 - Level 11.4 Spellcasting
 - Level 12.0 Conjurations
 - Level 5.1 Charms
 - Level 3.0 Translocations
 - Level 12.0 Fire Magic
 * Level 3.6 Earth Magic


You had 10 spell levels left.
You knew the following spells:

 Your Spells              Type           Power        Failure   Level  Hunger
a - Flame Tongue          Conj/Fire      #####        1%          1    None
b - Regeneration          Chrm/Necr      ####......   4%          3    None
c - Conjure Flame         Conj/Fire      #######.     1%          3    None
d - Sticky Flame          Conj/Fire      #######.     1%          4    None
e - Blink                 Tloc           N/A          1%          2    None
f - Fireball              Conj/Fire      #######...   1%          5    ###....
m - Magic Dart            Conj           ####         1%          1    None
z - Iron Shot             Conj/Erth      ######....   7%          6    #####..

Your spell library contained the following spells:

 Spells                   Type           Power        Failure   Level  Hunger
 Freeze                   Ice            ##..         1%          1    None
 Infusion                 Chrm           ####         1%          1    None
 Sandblast                Erth           ####..       1%          1    None
 Shroud of Golubria       Chrm/Tloc      #####.       1%          2    None
 Song of Slaying          Chrm           #####...     1%          2    None
 Throw Flame              Conj/Fire      ######       1%          2    None
 Throw Frost              Conj/Ice       ######       1%          2    None
 Inner Flame              Hex/Fire       #####...     1%          3    None
 Mephitic Cloud           Conj/Pois/Air  ######..     1%          3    None
 Stone Arrow              Conj/Erth      ######       1%          3    None
 Throw Icicle             Conj/Ice       ######..     1%          4    None
 Passwall                 Tmut/Erth      ###.....     2%          2    None
 Beastly Appendage        Tmut           ##....       4%          1    None
 Ozocubu's Armour         Chrm/Ice       ####....     4%          3    None
 Spectral Weapon          Hex/Chrm       ####....     4%          3    None
 Call Imp                 Summ           ##......     6%          2    None
 Slow                     Hex            ##......     6%          2    None
 Sticks to Snakes         Tmut           ##......     6%          2    None
 Lee's Rapid Deconstruct  Erth           ####......   7%          5    ###....
 Spider Form              Tmut/Pois      ##........   12%         3    None
 Bolt of Cold             Conj/Ice       ######....   13%         6    #####..
 Petrify                  Tmut/Erth      ###.....     19%         4    None
 Freezing Cloud           Conj/Ice/Air   ######....   28%         6    #####..
 Ice Form                 Ice/Tmut       ##......     36%         4    None
 Summon Ice Beast         Ice/Summ       ##......     36%         4    None
 Blade Hands              Tmut           ##........   73%         5    ###....
 Metabolic Englaciation   Hex/Ice        ##........   73%         5    ###....
 Ozocubu's Refrigeration  Ice            ##........   80%         6    #####..
 Simulacrum               Ice/Necr       ##........   99%         6    #####..


Dungeon Overview and Level Annotations

Branches:
Dungeon (11/15)            Temple (1/1) D:4            Lair (6/6) D:11
 Shoals (0/4) Lair:4       Spider (0/4) Lair:2        Slime (0/5) Lair:5
    Orc (0/2) D:9

Altars:
Ashenzari
Cheibriados
Dithmenos
Elyvilon
Fedhas
Gozag
Hepliaklqana
Kikubaaqudgha
Makhleb
Nemelex Xobeh
Okawaru
Qazlal
Ru
Sif Muna
Trog
Uskayaw
Vehumet
Wu Jian
Xom
Yredelemnul
Zin
The Shining One
Jiyva

Shops:
D:7 ??

Portals:
Hell: Lair:6

Annotations:
D:6 exclusion: crimson imp
D:11 exclusions: gargoyle and orange crystal statue
Lair:3 exclusion: oklob plant


Message History

The azure jelly is burned terribly!
You now have 25/31 mp.
The azure jelly hits you but does no damage.
The azure jelly hits you. The azure jelly freezes you!!!
Ouch! That really hurt!
The azure jelly hits you but does no damage.
You block the azure jelly's attack.
You take 44 damage, and have 41/85 hp.
MASSIVE DAMAGE!!
Aim: an azure jelly (moderately wounded)
You feel a surge of power!
The sticky flame hits the azure jelly!
The azure jelly is burned terribly!
The azure jelly is covered in liquid flames!
The azure jelly burns!
The azure jelly hits you but does no damage.
The azure jelly closely misses you. The azure jelly hits you.
The azure jelly barely misses you.
You take 1 damage, and have 40/85 hp.
You now have 22/31 mp.
The azure jelly burns!
The azure jelly hits you! The azure jelly freezes you!!!
Ouch! That really hurt!
You die...

........#.....#...##########
...<...P.#P...##...#..P.##.#
..#......##....##..........##
........<........#..........#
............................#
.PP..........#.#..P.#.......#
..P.....................P...#
..PP.....#..P...........PP..#
.............J.J@.....P.....#
....P....P...P.......###....##
........####...#..#.##
#.....## .#.....## #.##.######
###....# ........###.....##
#...## ......≈..........###
#....# ......≈.........#..##
##P#.# ......≈≈............#
##### ..§.§≈≈≈............#


You could see an azure jelly (burning) and a slime creature.

Vanquished Creatures
  Snorg (Lair:3)
  5 death oozes (Lair:6)
  Josephine (D:10)
  3 great orbs of eyes (Lair:6)
  5 hydras
  3 catoblepae
  A two-headed ogre (D:8)
  Nergalle (Lair:2)
  A sun demon (Lair:6)
  An unseen horror (D:11)
  A wizard (Lair:6)
  Pikel (D:6)
  An oklob plant (Lair:3)
  3 merfolk sirens (Lair:4)
  2 black mambas
  3 orange demons (Lair:6)
  A smoke demon (Lair:6)
  5 spiny frogs
  7 komodo dragons
  5 rime drakes
  An ice devil (Lair:6)
  A red devil (Lair:6)
  A merfolk (Lair:4)
  A troll (D:11)
  A polar bear (Lair:3)
  3 jumping spiders (Lair:2)
  Grinder (D:4)
  A slime creature (Lair:6)
  A hornet (D:8)
  14 blink frogs
  6 hippogriffs
  6 redbacks (Lair:2)
  2 wyverns
  7 wraiths
  3 hogs (D:7)
  A basilisk (Lair:6)
  42 yaks
  A human (D:7)
  A hungry ghost (D:8)
  2 steam dragons
  16 water moccasins
  4 hell hounds (Lair:6)
  An acid dragon (D:11)
  7 porcupines
  2 orc warriors
  Duvessa (D:4)
  4 sky beasts
  A black bear (D:6)
  4 slaves
  5 phantoms
  19 wolves
  6 centaurs
  6 ogres
  15 crocodiles
  22 bullfrogs
  Blork the orc (D:6)
  A troll zombie (D:8)
  6 scorpions
  Dowan (D:4)
  8 killer bees
  16 wights
  An electric eel (D:8)
  A bullfrog zombie (D:5)
  A quasit (D:4)
  2 human zombies (D:8)
  13 jellies
  2 centaur skeletons
  4 hounds
  A bullfrog skeleton (D:9)
  3 orc priests
  7 orc wizards
  Jessica (D:2)
  4 iguanas
  8 worker ants
  Ijyb (D:4)
  An ogre skeleton (D:8)
  A mummy (D:8)
  A worker ant zombie (D:8)
  A howler monkey zombie (D:11)
  4 gnolls (D:7)
  2 howler monkey skeletons (D:7)
  8 adders
  6 shadow imps
  13 oozes
  2 adder skeletons
  2 worms
  2 dart slugs
  5 leopard geckos
  32 orcs
  5 giant cockroaches
  4 goblins
  9 hobgoblins
  20 jackals
  15 kobolds
  3 quokkas
  5 ball pythons
  6 bats
  6 frilled lizards
  2 leopard gecko skeletons (D:4)
  An orc skeleton (D:8)
  5 rats
  A fungus (Lair:6)
  3 plants (Lair:3)
507 creatures vanquished.

Vanquished Creatures (others)
  A spiny frog (Lair:6)
  A jelly (Lair:6)
  24 fungi
  15 plants
41 creatures vanquished.

Grand Total: 548 creatures vanquished

Notes
Turn   | Place    | Note
-------+----------+-------------------------------------------
     0 | D:1      | Geomchi the Deep Elf Fire Elementalist began the quest for
                  | the Orb.
     0 | D:1      | Reached XP level 1. HP: 10/10 MP: 6/6
   187 | D:1      | Reached XP level 2. HP: 15/15 MP: 4/8
   612 | D:1      | Reached skill level 3 in Dodging
   769 | D:1      | Reached XP level 3. HP: 17/19 MP: 7/9
   774 | D:1      | Learned a level 3 spell: Conjure Flame
  1456 | D:2      | Noticed Jessica
  1624 | D:2      | Killed Jessica
  1624 | D:2      | Reached XP level 4. HP: 24/24 MP: 4/10
  2033 | D:2      | Found a glowing silver altar of Zin.
  2874 | D:3      | Reached XP level 5. HP: 28/28 MP: 7/11
  2880 | D:3      | Learned a level 4 spell: Sticky Flame
  3220 | D:3      | Reached skill level 4 in Dodging
  3585 | D:3      | Found a snail-covered altar of Cheibriados.
  3807 | D:4      | Found a staircase to the Ecumenical Temple.
  3911 | Temple   | Entered the Ecumenical Temple
  4049 | D:4      | Reached XP level 6. HP: 29/32 MP: 8/12
  4515 | D:4      | Reached skill level 5 in Conjurations
  4538 | D:4      | Reached skill level 5 in Fire Magic
  4975 | D:4      | Noticed Dowan
  5140 | D:5      | Entered Level 5 of the Dungeon
  5169 | D:5      | Reached XP level 7. HP: 29/36 MP: 7/15
  5471 | D:4      | Killed Dowan
  5471 | D:4      | Reached skill level 5 in Dodging
  5571 | D:4      | Noticed Duvessa
  5581 | D:4      | Killed Duvessa
  5633 | D:4      | Noticed Grinder
  5636 | D:4      | Paralysed by Grinder for 4 turns
  5815 | D:4      | Paralysed by Grinder for 3 turns
  5816 | D:4      | Killed Grinder
  5816 | D:4      | Reached skill level 5 in Spellcasting
  5824 | D:4      | Learned a level 5 spell: Fireball
  5963 | D:4      | Reached skill level 6 in Dodging
  5973 | D:4      | Reached XP level 8. HP: 41/41 MP: 1/18
  6088 | D:4      | Noticed Ijyb
  6090 | D:4      | Found a radiant altar of Vehumet.
  6096 | D:4      | Killed Ijyb
  6105 | D:4      | Became a worshipper of Vehumet
  7100 | D:5      | Found a burning altar of Makhleb.
  7629 | D:6      | Noticed Pikel
  7940 | D:6      | Reached skill level 7 in Dodging
  8604 | D:6      | Killed Pikel
  8604 | D:6      | Reached XP level 9. HP: 42/45 MP: 11/22
  8699 | D:6      | Noticed Blork the orc
  8705 | D:6      | Killed Blork the orc
  8782 | D:6      | Reached * piety under Vehumet
  8782 | D:6      | Offered knowledge of Sandblast by Vehumet.
  9128 | D:7      | Found Hieschas's Magic Scroll Boutique.
  9240 | D:7      | Bought 2 scrolls of blinking for 195 gold pieces
  9240 | D:7      | Bought a scroll of identify for 26 gold pieces
  9240 | D:7      | Bought a scroll of identify for 26 gold pieces
  9240 | D:7      | Bought a scroll of teleportation for 39 gold pieces
  9240 | D:7      | Bought a scroll of identify for 26 gold pieces
  9283 | D:7      | Reached skill level 8 in Dodging
  9883 | D:7      | Found Udghicku's Magic Scroll Boutique.
 10116 | D:7      | Reached skill level 9 in Dodging
 10435 | D:8      | Reached XP level 10. HP: 50/50 MP: 16/23
 10567 | D:8      | Noticed a two-headed ogre
 10575 | D:8      | Killed a two-headed ogre
 10575 | D:8      | Reached ** piety under Vehumet
 10575 | D:8      | Offered knowledge of Shock by Vehumet.
 10960 | D:8      | Reached skill level 10 in Dodging
 12044 | D:8      | Offered knowledge of Ignite Poison by Vehumet.
 12044 | D:8      | Reached skill level 10 in Conjurations
 12044 | D:8      | Reached skill level 10 in Fire Magic
 12219 | D:8      | Found a basalt altar of Yredelemnul.
 12520 | D:9      | Reached skill level 1 in Fighting
 12602 | D:9      | Reached *** piety under Vehumet
 12708 | D:9      | Learned a level 2 spell: Blink
 13016 | D:9      | Found a staircase to the Orcish Mines.
 13053 | D:9      | Reached skill level 1 in Shields
 13553 | D:10     | Entered Level 10 of the Dungeon
 13598 | D:10     | Reached XP level 11. HP: 57/57 MP: 21/24
 13600 | D:10     | Offered knowledge of Static Discharge by Vehumet.
 13641 | D:10     | Noticed Josephine
 13659 | D:10     | Killed Josephine
 15041 | D:11     | Reached skill level 1 in Translocations
 15111 | D:11     | Reached **** piety under Vehumet
 15121 | D:11     | Offered knowledge of Lightning Bolt by Vehumet.
 15280 | D:11     | Noticed an orange crystal statue
 15591 | D:11     | Found a staircase to the Lair.
 15594 | D:11     | Noticed an unseen horror
 15601 | D:11     | Killed an unseen horror
 15603 | Lair:1   | Entered Level 1 of the Lair of Beasts
 15911 | Lair:1   | Learned a level 1 spell: Magic Dart
 16665 | Lair:1   | Reached XP level 12. HP: 67/67 MP: 19/25
 17002 | Lair:2   | Reached skill level 5 in Fighting
 17060 | Lair:2   | Found a hole to the Spider Nest.
 17266 | Lair:2   | Reached ***** piety under Vehumet
 17280 | Lair:2   | Offered knowledge of Yara's Violent Unravelling by Vehumet.
 17354 | Lair:2   | Noticed Nergalle
 17366 | Lair:2   | Killed Nergalle
 17887 | Lair:2   | Noticed a six-headed hydra
 17889 | Lair:2   | Killed a six-headed hydra
 18181 | Lair:2   | Reached skill level 11 in Dodging
 18350 | Lair:2   | Noticed a catoblepas
 18357 | Lair:2   | Killed a catoblepas
 19093 | Lair:3   | Noticed Snorg
 19103 | Lair:3   | Killed Snorg
 19404 | Lair:3   | Noticed an eight-headed hydra
 19408 | Lair:3   | Killed an eight-headed hydra
 19457 | Lair:3   | Reached XP level 13. HP: 76/76 MP: 22/28
 20046 | Lair:4   | Reached skill level 10 in Spellcasting
 20180 | Lair:4   | Reached skill level 12 in Dodging
 20396 | Lair:4   | Learned a level 3 spell: Regeneration
 20458 | Lair:4   | Reached skill level 1 in Charms
 20561 | Lair:4   | Found a staircase to the Shoals.
 21466 | Lair:5   | Found a viscous altar of Jiyva.
 21467 | Lair:5   | Found a staircase to the Slime Pits.
 21811 | Lair:5   | Reached skill level 5 in Charms
 22342 | Lair:6   | Entered Level 6 of the Lair of Beasts
 23006 | Lair:6   | Reached skill level 13 in Dodging
 23198 | Lair:6   | Found a burning altar of Makhleb.
 23319 | Lair:6   | Found a gateway to Hell.
 23682 | Lair:6   | Noticed a death ooze
 23685 | Lair:6   | Killed a death ooze
 23685 | Lair:6   | Reached XP level 14. HP: 86/86 MP: 22/31
 23696 | Lair:6   | Offered knowledge of Iron Shot by Vehumet.
 23704 | Lair:6   | Learned a level 6 spell: Iron Shot
 23710 | Lair:6   | Reached skill level 1 in Earth Magic
 24383 | Lair:6   | Paralysed by a great orb of eyes for 5 turns
 24771 | Lair:6   | Noticed an azure jelly
 24780 | Lair:6   | Demolished by an azure jelly

Levels and vault maps discovered:
D:1:      shiori_arrival_maze, layout_basic, minmay_tripent
D:2:      layout_basic, lemuel_coloured_pillars_altar, minmay_misc_feat_x,
          uniq_jessica
D:3:      layout_basic, nicolae_overflow_hidden_temple, first_ration
D:4:      minmay_opposing_rooms, layout_basic, lemuel_crystal_altar,
          temple_fountains, chequers_ossuary_entry_cave, minmay_distorted,
          uniq_grinder, uniq_duvessa, uniq_ijyb
D:5:      layout_cave_pools, bloody_makhleb, chequers_arboretum
D:6:      layout_loops_corners, uniq_pikel, uniq_blork_the_orc
D:7:      layout_basic, serial_shops, shop_fountains, nicolae_shop_behind_doors,
          grunt_livestock
D:8:      layout_cave_pods, minmay_crystal_water,
          lemuel_mausoleum_altar_yredelemnul
D:9:      layout_rooms, orc_0_dummy, minivault_10
D:10:     layout_loops_ring, uniq_josephine
D:11:     lemuel_slime, layout_rooms, lair_entry_dummy, special_room
          [special_room_bee], minmay_protected_statue
Temple:   compressed_dpeg_circular_temple
Lair:1:   layout_chaotic_city, hangedman_lair_unloving_vines,
          nicolae_lair_grove_arrangements, nicolae_quartered_pool_medium,
          lemuel_fruit_tree
Lair:2:   layout_cave_shapes, nicolae_spider_entry_tight_spaces, uniq_nergalle
Lair:3:   layout_regular_city, minmay_lair_oklob_chamber, uniq_snorg
Lair:4:   layout_misc_corridors, elwin_shoals_entry_stream
Lair:5:   layout_cave_pods, slime_altar_1
Lair:6:   evil_forest, layout_misc_corridors, special_room [special_room_jelly],
          lemuel_old_faithful

Skill      XL: |  1  2  3  4  5  6  7  8  9 10 11 12 13 14 |
---------------+-------------------------------------------+-----
Conjurations   | 2 3 4 5 6 7 9 10 11 12 | 12.0
Dodging        | 3 4 6 7 9 10 11 13 | 13.6
Fire Magic     | 4 5 6 7 8 10 11 12 | 12.0
Spellcasting   | 4 5 7 9 11 | 11.4
Fighting       | 2 4 6 9 |  9.6
Shields        | 1 4 |  4.0
Translocations | 3 |  3.0
Stealth        | 4 |  4.7
Charms         | 5 |  5.1
Earth Magic    | 3 |  3.6

Action                   |  1- 3 |  4- 6 |  7- 9 | 10-12 | 13-15 || total
-------------------------+-------+-------+-------+-------+-------++-------
Melee: Short sword       |    24 |    11 |    49 |       |       ||    84
       Staff             |       |       |     9 |    17 |       ||    26
 Cast: Flame Tongue      |    71 |   148 |   262 |   498 |   278 ||  1257
       Sticky Flame      |       |     3 |    14 |    45 |    30 ||    92
       Conjure Flame     |       |     1 |     2 |     2 |       ||     5
       Fireball          |       |       |     3 |    46 |    47 ||    96
       Magic Dart        |       |       |       |    20 |    31 ||    51
Evoke: Wand              |       |       |       |     6 |    19 ||    25
  Use: Potion            |       |     1 |     2 |     1 |       ||     4
       Scroll            |       |       |    10 |    10 |     3 ||    23
  Eat: Chunk             |     2 |     8 |     8 |    33 |    17 ||    68
       Ration            |       |     1 |     3 |     2 |     1 ||     7
Armor: Robe              |     8 |    12 |    10 |    12 |       ||    42
       Steam dragon scal |       |       |       |    15 |    22 ||    37
Dodge: Dodged            |    44 |    56 |   134 |   189 |    92 ||   515
Block: Buckler           |       |       |       |    33 |    28 ||    61

Table legend:
 A = Non-vault XP
 B = Vault XP
 C = Vault XP percentage of total XP
 D = Non-vault monster count
 E = Vault monster count
 F = Vault count percentage of total count
                 A         B        C        D         E       F
            +---------+---------+-------+---------+---------+-------
      Total |   42865 |   30871 |  41.9 |     375 |     124 |  24.8
            +---------+---------+-------+---------+---------+-------
        D:1 |      46 |       6 |  11.5 |      25 |       4 |  13.8
        D:2 |      88 |      37 |  29.6 |      27 |       1 |   3.6
        D:3 |     127 |      33 |  20.6 |      25 |       1 |   3.8
        D:4 |     464 |     741 |  61.5 |      24 |      12 |  33.3
        D:5 |     550 |       0 |   0.0 |      24 |       0 |   0.0
        D:6 |     552 |     767 |  58.2 |       9 |       2 |  18.2
        D:7 |     768 |     981 |  56.1 |      18 |       5 |  21.7
        D:8 |    2949 |    1022 |  25.7 |      24 |      12 |  33.3
        D:9 |    1788 |     426 |  19.2 |      24 |       2 |   7.7
       D:10 |     903 |    1311 |  59.2 |      11 |       3 |  21.4
       D:11 |    2430 |     677 |  21.8 |      19 |      17 |  47.2
     Lair:1 |    5795 |       0 |   0.0 |      32 |       0 |   0.0
     Lair:2 |    6305 |    3026 |  32.4 |      28 |      10 |  26.3
     Lair:3 |    6074 |    1914 |  24.0 |      29 |       3 |   9.4
     Lair:4 |    2195 |    1687 |  43.5 |      12 |       4 |  25.0
     Lair:5 |    6292 |       0 |   0.0 |      24 |       0 |   0.0
     Lair:6 |    5539 |   18243 |  76.7 |      20 |      48 |  70.6
            +---------+---------+-------+---------+---------+-------
